 Dungeon Crawl Stone Soup version 0.25-a0-346-g140ab784a8 (webtiles) character file.

Game seed: 15430528852326247590, levelgen mode: deterministic

26101 Lavandula the Carver (level 12, -3/81 HPs)
             Began as a Demonspawn Wanderer on Jan 1, 2020.
             Was a Priest of Qazlal.
             Killed by divine providence
             ... invoked by an orc priest
              (15 damage)
             ... on level 2 of the Orcish Mines.
             The game lasted 00:34:55 (13536 turns).

Lavandula the Carver (Demonspawn Wanderer)         Turns: 13536, Time: 00:34:56

Health: -3/81      AC: 15    Str: 17    XL:     12   Next: 95%
Magic:  19/21      EV: 11    Int: 19    God:    Qazlal [***...]
Gold:   1375       SH:  4    Dex: 19    Spells: 11/11 levels left

rFire    . . .     SeeInvis +   j - +10 scimitar of Honour {slice, Int+7}
rCold    + . .     Gourm    .   (no shield)
rNeg     . . .     Faith    .   S - +2 chain mail {rPois}
rPois    +         Spirit   .   (helmet restricted)
rElec    .         Reflect  .   A - +2 cloak
rCorr    .         Harm     .   i - +2 pair of gloves
MR       .....                  (boots unavailable)
Stlth    ..........             (no amulet)
HPRegen  0.23/turn              W - ring of see invisible
MPRegen  0.17/turn              k - +4 ring of dexterity

@: about to teleport, drained
A: claws 2, hooves 3, horns 1, cold resistance 1, deformed body, demonic
guardian 1, high mp 1, subdued magic 1, MP-powered wands
a: Upheaval, Elemental Force, Renounce Religion


You were on level 2 of the Orcish Mines.
You worshipped Qazlal.
Qazlal was most pleased with you.
You were hungry.

You visited 4 branches of the dungeon, and saw 16 of its levels.
You also visited: Sewer.

You collected 1503 gold pieces.
You spent 128 gold pieces at shops.

Inventory:

Hand Weapons
 j - the +10 scimitar of Honour (weapon) {slice, Int+7}
   (You found it in a sewer)

   It inflicts extra damage upon your enemies.
   It affects your intelligence (+7).
 y - a +3 quarterstaff of chaos
 F - a +1 dagger of electrocution
 P - the +9 rapier "Pyvit" {holy, rPois rC- Str+3, unknown}
   (You found it on level 7 of the Dungeon)

   It has been blessed by the Shining One to cause great damage to the undead
   and demons.
   It affects your strength (+3).
   It makes you vulnerable to cold.
   It protects you from poison.
 Y - a +1 scimitar of flaming
Missiles
 d - 36 poisoned darts (quivered)
 u - 27 boomerangs
Armour
 i - a +2 pair of gloves (worn)
 A - a +2 cloak (worn)
 G - the +1 leather armour of Agnosticism {rN+ Str-2 Int+4}
   (You found it on level 4 of the Dungeon)

   It affects your strength (-2).
   It affects your intelligence (+4).
   It protects you from negative energy.
 S - a +2 chain mail of poison resistance (worn)
 X - a +1 scale mail of cold resistance
 Z - a +2 robe of magic resistance
Magical Staves
 s - an uncursed staff of power {unknown}
Jewellery
 k - a +4 ring of dexterity (right hand)
 r - an uncursed ring of stealth
 E - an uncursed ring of protection from fire
 J - an uncursed ring of fire
 L - an uncursed ring of protection from fire
 W - a ring of see invisible (left hand)
Wands
 a - a wand of digging (6)
 c - a wand of clouds (4)
 I - a wand of disintegration (41)
 K - a wand of iceblast (5)
 O - a wand of flame (16)
 Q - a wand of acid (9)
Scrolls
 e - a scroll of torment
 f - 2 scrolls of fog
 h - 4 scrolls of teleportation
 m - 2 scrolls of enchant weapon
 q - 5 scrolls of remove curse
 C - a scroll of brand weapon {unknown}
 N - a scroll of blinking {unknown}
 R - a scroll of magic mapping
 T - 2 scrolls of amnesia
 V - 3 scrolls of enchant armour
Potions
 l - a potion of agility
 n - a potion of ambrosia {unknown}
 p - 6 potions of flight
 v - 3 potions of lignification {unknown}
 z - 2 potions of magic
 B - a potion of haste
 D - 6 potions of curing
 H - a potion of might {unknown}
 M - a potion of brilliance {unknown}
 U - a potion of degeneration {unknown}
Comestibles
 g - 28 rations


   Skills:
 - Level 3.0(2.3) Fighting
 - Level 5.5(9.8) Short Blades
 - Level 13.6(13.1) Long Blades
   Level 1.2(0.7) Maces & Flails
 - Level 0.5(0.4) Staves
   Level 1.0(0.4) Bows
 - Level 4.6(4.0) Throwing
 - Level 7.5(6.8) Armour
 + Level 7.6(6.9) Dodging
 - Level 1.0(0.4) Stealth
 - Level 10.6(9.8) Invocations


You had 11 spell levels left.
You didn't know any spells.
Your spell library contained the following spells:

 Spells                   Type           Power        Failure   Level  Hunger
 Confusing Touch          Hex            #.....       92%         1    ##.....
 Corona                   Hex            #......      92%         1    ##.....
 Ensorcelled Hibernation  Hex/Ice        #.....       98%         2    ###....
 Confuse                  Hex            #.......     100%        3    ####...
 Dazzling Flash           Conj/Hex       #.....       100%        3    ####...
 Gell's Gravitas          Tloc           #.........   100%        3    ####...
 Tukima's Dance           Hex            #.......     100%        3    ####...
 Petrify                  Tmut/Erth      #.......     100%        4    #####..
 Bolt of Magma            Conj/Fire/Erth #.........   100%        5    ######.
 Iskenderun's Battlesphe  Conj/Chrm      #.......     100%        5    ######.
 Metabolic Englaciation   Hex/Ice        #.........   100%        5    ######.
 Yara's Violent Unravell  Hex/Tmut       #.........   100%        5    ######.
 Iron Shot                Conj/Erth      #.........   100%        6    #######
 Orb of Destruction       Conj           #.........   100%        7    #######
 Spellforged Servitor     Conj/Summ      #.........   100%        7    #######


Dungeon Overview and Level Annotations

Branches:
Dungeon (12/15)            Temple (1/1) D:7            Lair (1/6) D:10
    Orc (2/2) D:12            Elf (0/3) Orc:2         Sewer (visited)

Altars:
Ashenzari
Cheibriados
Dithmenos
Elyvilon
Fedhas
Gozag
Hepliaklqana
Kikubaaqudgha
Makhleb
Nemelex Xobeh
Qazlal
Ru
Sif Muna
Trog
Uskayaw
Vehumet
Wu Jian
Xom
Yredelemnul
Zin
The Shining One

Shops:
D:6 (   D:7 ?*?%(   Orc:2 *!

Annotations:
D:9 3 runed translucent doors, dricus's ghost, journeyman TeBe
D:12 3 runed translucent doors, Vumeko Hunn's ghost, journeyman MfSu


Innate Abilities, Weirdness & Mutations

You have very sharp fingernails.
You have hooves in place of feet.
You have a pair of small horns on your head.
Your flesh is cold resistant. (rC+)
A weak demonic guardian rushes to your aid.
Armour fits poorly on your strangely shaped body.
You have an increased reservoir of magic. (+10% MP)
Your spells are a little easier to cast, but a little less powerful.
You expend magic power (3 MP) to strengthen your wands.


Message History

The soul eater draws from the surrounding life force!
* * * LOW HITPOINT WARNING * * *
The soul eater is healed.
The orc priest looks braver for a moment.
The orc warrior is engulfed in noxious fumes.
The orc warrior appears confused.
Things that are here:
a +0 war axe; a +0 plate armour You feel better.
The orc warrior no longer looks unusually strong.
The orc warrior is engulfed in noxious fumes.
The orc knight is engulfed in noxious fumes.
The orc knight appears confused.
The orc warrior is engulfed in noxious fumes.
The orc is engulfed in noxious fumes.
The orc appears confused.
You kill the orc!
Qazlal accepts your kill.
The orc priest invokes the aid of Beogh against you.
Beogh smites you!
You die...

## oo..#.∩# #
##..o.#o..# ##
##..o#.§oo# .##
#...ooo§o# ..##
##§§# ...##
##o§## ....##
##)§## .....##
##3o## ......##
##.@## .#.....##
##..## ........##
##..##
.......#.###..##
.......##)#...##
.......#).)....#
.....<.##....###
......#.###......
........ ........


You could see an orc knight (confused), a soul eater, 4 orc warriors, an orc
priest and an orc.

Vanquished Creatures
  An ogre mage (Orc:1)
  Harold (D:7)
  2 hydras
  Erica (D:9)
  6 two-headed ogres
  2 orc high priests (Orc:1)
  An unseen horror (D:12)
  A wolf spider zombie (D:12)
  An orc knight (Orc:1)
  An orc sorcerer (Orc:1)
  Joseph (D:7)
  4 trolls
  3 hippogriffs
  A wyvern (D:9)
  A wraith (D:10)
  2 hogs (D:9)
  27 yaks
  A human (D:9)
  A basilisk (D:10)
  2 hungry ghosts
  2 wargs
  Duvessa (D:7)
  3 porcupines (D:10)
  4 ice beasts
  2 sky beasts
  10 orc warriors
  A necrophage (D:10)
  3 eyes of draining
  A phantom (D:11)
  3 centaurs
  9 ogres
  4 crocodiles
  2 big kobolds
  7 bullfrogs
  A water moccasin zombie (D:9)
  3 scorpions
  Dowan (D:7)
  9 killer bees
  A howler monkey (D:6)
  12 wights
  9 crimson imps
  Crazy Yiuf (D:3)
  4 hounds
  2 jellies
  2 quasits
  2 bullfrog skeletons
  A bullfrog zombie (D:11)
  12 orc priests
  9 iguanas
  20 orc wizards
  Ijyb (D:4)
  A merfolk avatar (Sewer)
  13 worker ants
  A merfolk siren (Sewer)
  A killer bee zombie (D:10)
  3 hound zombies
  3 hound skeletons
  2 worker ant zombies
  A howler monkey zombie (D:5)
  4 gnolls (D:4)
  18 adders
  A river rat (Sewer)
  3 worms
  5 dart slugs
  18 leopard geckos
  65 orcs
  8 giant cockroaches
  5 goblins
  8 hobgoblins
  11 jackals
  11 kobolds
  2 quokkas
  5 ball pythons (Sewer)
  7 bats
  8 frilled lizards
  A giant cockroach zombie (D:5)
  A leopard gecko zombie (D:6)
  A quokka skeleton (D:5)
  30 rats
439 creatures vanquished.

Vanquished Creatures (collateral kills)
  A deep troll (Orc:1)
  2 orc knights (Orc:1)
  A yak (D:12)
  A warg (Orc:1)
  A bullfrog (D:11)
  A wyvern skeleton (D:6)
  A crimson imp (D:7)
  A bullfrog zombie (D:11)
  2 orc wizards
  An orc priest (Orc:2)
  A worker ant (D:4)
  2 orcs
  A kobold (D:9)
  A quokka (D:4)
  A frilled lizard (Sewer)
  A goblin (D:3)
  A rat (Sewer)
20 creatures vanquished.

Vanquished Creatures (others)
  A fungus (D:10)
  A plant (D:10)
2 creatures vanquished.

Grand Total: 461 creatures vanquished

Notes
Turn   | Place    | Note
-------+----------+-------------------------------------------
     0 | D:1      | Lavandula the Demonspawn Wanderer began the quest for the
                  | Orb.
     0 | D:1      | Lavandula set off with the following items: a +2 dagger, a
                  | scroll of fear, a +0 hand axe, 12 poisoned darts, a +0
                  | dagger, a +0 robe, a ration
     0 | D:1      | Reached XP level 1. HP: 18/18 MP: 1/1
    91 | D:1      | Reached skill level 1 in Short Blades
   465 | D:1      | Gained mutation: A weak demonic guardian rushes to your
                  | aid. [demonic ancestry]
   465 | D:1      | Reached XP level 2. HP: 21/24 MP: 2/2
  1057 | D:2      | Reached XP level 3. HP: 19/29 MP: 3/3
  1798 | D:2      | Found a shadowy altar of Dithmenos.
  2087 | D:3      | Gained mutation: You have large cloven feet. [demonic
                  | ancestry]
  2087 | D:3      | Reached XP level 4. HP: 24/35 MP: 4/4
  2429 | D:3      | Found a runed translucent door.
  2430 | D:3      | Noticed Crazy Yiuf
  2450 | D:3      | Killed Crazy Yiuf
  2919 | D:3      | Reached skill level 1 in Maces & Flails
  2919 | D:3      | Gained mutation: You have sharp fingernails. [demonic
                  | ancestry]
  2919 | D:3      | Reached XP level 5. HP: 36/41 MP: 5/5
  3071 | D:4      | Got a twisted leather armour
  3082 | D:4      | Identified the cursed +1 leather armour of Agnosticism {rN+
                  | Str-2 Int+4} (You found it on level 4 of the Dungeon)
  3106 | D:4      | You fall into a shaft and drop 1 floor!
  3106 | D:5      | Entered Level 5 of the Dungeon
  3147 | D:5      | Found a glowing golden altar of the Shining One.
  3155 | D:4      | Noticed Ijyb
  3162 | D:4      | Killed Ijyb
  3329 | D:4      | Found a glowing drain.
  3410 | Sewer    | Entered a sewer
  3442 | Sewer    | Reached skill level 5 in Short Blades
  3446 | Sewer    | Gained mutation: You have a pair of small horns on your
                  | head. [demonic ancestry]
  3446 | Sewer    | Reached XP level 6. HP: 38/47 MP: 6/6
  3657 | Sewer    | Got a fine scimitar
  3663 | Sewer    | Identified the +10 scimitar of Honour {slice, Int+7} (You
                  | found it in a sewer)
  3903 | D:4      | Reached skill level 1 in Long Blades
  3926 | D:4      | Reached skill level 2 in Long Blades
  3950 | D:4      | Reached skill level 3 in Long Blades
  3950 | D:4      | Reached XP level 7. HP: 38/52 MP: 7/7
  4915 | D:5      | Reached skill level 4 in Long Blades
  5151 | D:6      | Reached skill level 5 in Long Blades
  5174 | D:6      | Found Axza's Weapon Emporium.
  5253 | D:6      | Gained mutation: Your flesh is cold resistant. (rC+)
                  | [demonic ancestry]
  5253 | D:6      | Reached XP level 8. HP: 32/58 MP: 8/8
  5938 | D:7      | Found Firod's Antique Weapon Shoppe.
  6016 | D:7      | Reached skill level 6 in Long Blades
  6031 | D:7      | Found a staircase to the Ecumenical Temple.
  6031 | D:7      | Noticed Dowan
  6065 | D:7      | Found Zarun's General Store.
  6071 | D:7      | Bought a scroll of magic mapping for 38 gold pieces
  6081 | D:7      | Found Oseplamn's Magic Scroll Shop.
  6094 | D:7      | Bought a scroll of random uselessness for 12 gold pieces
  6122 | D:7      | Noticed Joseph
  6140 | D:7      | Killed Joseph
  6140 | D:7      | Reached skill level 7 in Long Blades
  6188 | D:7      | Found a sacrificial altar of Ru.
  6232 | D:7      | Got a transparent rapier
  6242 | D:7      | Reached skill level 8 in Long Blades
  6521 | D:7      | Found a shimmering blue altar of Sif Muna.
  6595 | D:7      | Found Jyisun's Magic Scroll Shoppe.
  6599 | D:7      | Bought a scroll of amnesia for 42 gold pieces
  6599 | D:7      | Bought a scroll of teleportation for 36 gold pieces
  6987 | D:7      | Noticed Harold
  6999 | D:7      | Killed Harold
  6999 | D:7      | Reached skill level 10 in Long Blades
  6999 | D:7      | Reached XP level 9. HP: 19/63 MP: 9/9
  7226 | D:7      | Found Pygoig's Food Emporium.
  7550 | D:8      | Found a hide-covered altar of Uskayaw.
  7550 | D:8      | Found a shimmering altar of Xom.
  7875 | D:8      | Reached skill level 11 in Long Blades
  8094 | D:8      | Noticed a two-headed ogre
  8106 | D:8      | Killed a two-headed ogre
  8106 | D:8      | Gained mutation: You have very sharp fingernails. [demonic
                  | ancestry]
  8106 | D:8      | Reached XP level 10. HP: 48/70 MP: 10/10
  8343 | D:7      | Noticed Duvessa
  8349 | D:7      | Killed Dowan
  8355 | D:7      | Killed Duvessa
  8368 | Temple   | Entered the Ecumenical Temple
  8478 | Temple   | Became a worshipper of Qazlal Stormbringer
  8519 | D:8      | Reached skill level 12 in Long Blades
  8562 | D:8      | Found a basalt altar of Yredelemnul.
  8638 | D:8      | Found a white marble altar of Elyvilon.
  9019 | D:9      | Noticed Erica
  9037 | D:9      | Killed Erica
  9072 | D:9      | Reached * piety under Qazlal
  9136 | D:9      | Found a runed translucent gate.
  9136 | D:9      | Found a runed translucent gate.
  9136 | D:9      | Found a runed translucent gate.
  9138 | D:9      | Noticed dricus's ghost (journeyman TeBe)
  9148 | D:9      | Noticed a two-headed ogre
  9163 | D:9      | Killed a two-headed ogre
  9563 | D:9      | Reached skill level 13 in Long Blades
  9571 | D:9      | Gained mutation: You have hoof-like feet. [demonic
                  | ancestry]
  9571 | D:9      | Reached XP level 11. HP: 66/75 MP: 11/11
  9658 | D:9      | Reached ** piety under Qazlal
 10152 | D:10     | Entered Level 10 of the Dungeon
 10382 | D:10     | Reached skill level 5 in Armour
 10404 | D:10     | Found a staircase to the Lair.
 10703 | D:10     | Reached *** piety under Qazlal
 10793 | Lair:1   | Entered Level 1 of the Lair of Beasts
 10794 | Lair:1   | Noticed an eight-headed hydra
 10811 | Lair:1   | Killed an eight-headed hydra
 10866 | D:11     | Noticed a two-headed ogre
 10880 | D:11     | Killed a two-headed ogre
 10973 | D:11     | Reached skill level 1 in Dodging
 11161 | D:11     | Noticed a two-headed ogre
 11170 | D:11     | Killed a two-headed ogre
 11200 | D:11     | Noticed a two-headed ogre
 11213 | D:11     | Killed a two-headed ogre
 11558 | D:12     | Gained mutation: You have hooves in place of feet. [demonic
                  | ancestry]
 11558 | D:12     | Reached XP level 12. HP: 76/81 MP: 12/12
 11562 | D:12     | Reached skill level 5 in Dodging
 11762 | D:12     | Found a runed translucent gate.
 11762 | D:12     | Found a runed translucent gate.
 11762 | D:12     | Found a runed translucent gate.
 11762 | D:12     | Noticed Vumeko Hunn's ghost (journeyman MfSu)
 11866 | D:12     | Noticed a seven-headed hydra
 11871 | D:12     | Killed a seven-headed hydra
 11888 | D:12     | Reached skill level 1 in Invocations
 11931 | D:12     | Noticed a two-headed ogre
 11947 | D:12     | Killed a two-headed ogre
 11947 | D:12     | Reached skill level 5 in Invocations
 12292 | D:12     | Found a staircase to the Orcish Mines.
 12386 | Orc:1    | Entered Level 1 of the Orcish Mines
 12392 | Orc:1    | Noticed an ogre mage
 12392 | Orc:1    | Noticed an orc high priest
 12394 | Orc:1    | Noticed an orc high priest
 12690 | D:12     | Gained mutation: You are dopey. (Int -2) [potion of
                  | mutation]
 12690 | D:12     | Gained mutation: Potions are less effective at restoring
                  | your health. [potion of mutation]
 12690 | D:12     | Gained mutation: You possess an exceptional clarity of
                  | mind. [potion of mutation]
 12693 | D:12     | Lost mutation: You are dopey. (Int -2) [potion of mutation]
 12693 | D:12     | Lost mutation: You possess an exceptional clarity of mind.
                  | [potion of mutation]
 12693 | D:12     | Lost mutation: Potions are less effective at restoring your
                  | health. [potion of mutation]
 12693 | D:12     | Gained mutation: Armour fits poorly on your strangely
                  | shaped body. [potion of mutation]
 12693 | D:12     | Gained mutation: You have an increased reservoir of magic.
                  | (+10% MP) [potion of mutation]
 12693 | D:12     | Gained mutation: Your spells are a little easier to cast,
                  | but a little less powerful. [potion of mutation]
 12693 | D:12     | Gained mutation: You expend magic power (3 MP) to
                  | strengthen your wands. [potion of mutation]
 12709 | Orc:1    | Killed an orc high priest
 12718 | Orc:1    | Killed an orc high priest
 12719 | Orc:1    | Killed an ogre mage
 12722 | Orc:1    | Reached skill level 10 in Invocations
 13352 | Orc:2    | Entered Level 2 of the Orcish Mines
 13446 | Orc:2    | Found a staircase to the Elven Halls.
 13520 | Orc:2    | Found Neof's Distillery.
 13521 | Orc:2    | Found Ymmal's General Store.
 13535 | Orc:2    | HP: 3/81 [soul eater/drain life (20)]
 13536 | Orc:2    | Killed from afar by an orc priest

Levels and vault maps discovered:
D:1:      dpeg_arrival_simpleton_b, layout_loops_ring
D:2:      layout_loops_corners, grunt_dithmenos_smoke_and_mirrors
D:3:      layout_loops_cross, glass_columns_b, uniq_crazy_yiuf_cottage
D:4:      layout_basic, gup_sewer_entry_pipe, minmay_misc_feat_more_columns,
          grunt_ministairs_2, minmay_misc_feat_nine_boxes, uniq_ijyb
D:5:      minmay_spotlight, layout_basic, kennysheep_mini, first_ration
D:6:      layout_basic, serial_shops, shop_statue
D:7:      kennysheep_orc_sif_temple, layout_basic,
          minmay_temple_entry_from_below_b, serial_shops, shop_fountains, shop,
          shop_scrolls, kennysheep_little_box, shop_coins,
          nicolae_ru_great_annihilating_truth, uniq_harold, uniq_joseph,
          uniq_duvessa
D:8:      layout_loops_cross, kennysheep_ying_yang,
          gammafunk_temple_overflow_elements
D:9:      layout_loops_cross, gammafunk_ghost_spectres, grunt_livestock,
          minmay_lizard_king, uniq_erica
D:10:     layout_loops_ring, minmay_lair_entry_grove
D:11:     layout_long_grid, kennysheep_small_square
D:12:     layout_loops_corners, david_orc_1_choice, gammafunk_ghost_necromancy,
          hangedman_decor_push
Temple:   regret_index_temple_sphere_string
Lair:1:   layout_roguey, gammafunk_ghost_hydra_chop
Orc:1:    minmay_goldmine, layout_diamond_mine, serial_shops,
          guppyfry_orc_lava_fort
Orc:2:    pf_orc_diabolical, layout_caves, basic_altar, uniq_snorg

Skill      XL: |  1  2  3  4  5  6  7  8  9 10 11 12 |
---------------+-------------------------------------+-----
Short Blades   | 1 2 3 5 |  5.5
Maces & Flails | 1 |  1.2
Long Blades    | 3 5 10 11 13 | 13.6
Throwing       | 4 |  4.6
Armour         | 7 |  7.5
Dodging        | 4 7 |  7.6
Invocations    | 10 | 10.6
Fighting       | |  3.0
Staves         | |  0.5
Bows           | |  1.0
Stealth        | |  1.0

Action                   |  1- 3 |  4- 6 |  7- 9 | 10-12 || total
-------------------------+-------+-------+-------+-------++-------
Melee: Dagger            |   164 |   156 |       |       ||   320
       Quarterstaff      |       |    15 |       |       ||    15
       Kick              |       |    48 |    39 |   159 ||   246
       Scimitar          |       |     9 |   168 |   531 ||   708
       Headbutt          |       |     8 |    33 |   110 ||   151
Throw: Dart              |    20 |    44 |    23 |    44 ||   131
Invok: Upheaval          |       |       |       |    10 ||    10
       Elemental Force   |       |       |       |     4 ||     4
Evoke: Wand              |       |       |       |     9 ||     9
  Use: Scroll            |       |     8 |     2 |    12 ||    22
       Potion            |       |     1 |       |     5 ||     6
 Stab: Sleeping          |     6 |       |       |       ||     6
       Distracted        |       |       |     1 |     1 ||     2
       Paralysed         |       |       |     1 |       ||     1
       Confused          |       |       |       |     1 ||     1
  Eat: Chunk             |     4 |     5 |    10 |    18 ||    37
       Ration            |       |       |     1 |       ||     1
Armor: Robe              |    26 |     1 |       |       ||    27
       Ring mail         |       |    63 |    31 |       ||    94
       Chain mail        |       |       |    36 |   232 ||   268
Dodge: Dodged            |    85 |    63 |    60 |   139 ||   347
Block: Other             |       |       |       |    50 ||    50
       Rpst.: Scimitar   |       |     1 |    15 |    34 ||    50

Table legend:
 A = Non-vault XP
 B = Vault XP
 C = Vault XP percentage of total XP
 D = Non-vault monster count
 E = Vault monster count
 F = Vault count percentage of total count
                 A         B        C        D         E       F
            +---------+---------+-------+---------+---------+-------
      Total |   25505 |   11783 |  31.6 |     321 |     138 |  30.1
            +---------+---------+-------+---------+---------+-------
        D:1 |      26 |       0 |   0.0 |      15 |       0 |   0.0
        D:2 |      65 |       0 |   0.0 |      23 |       0 |   0.0
        D:3 |      95 |      34 |  26.4 |      17 |       1 |   5.6
        D:4 |     487 |      56 |  10.3 |      21 |       8 |  27.6
        D:5 |     250 |       0 |   0.0 |      17 |       0 |   0.0
        D:6 |     319 |       0 |   0.0 |      11 |       0 |   0.0
        D:7 |     597 |    1972 |  76.8 |      17 |      13 |  43.3
        D:8 |    2830 |       0 |   0.0 |      43 |       0 |   0.0
        D:9 |    3965 |    2111 |  34.7 |      39 |      15 |  27.8
       D:10 |    1413 |    1865 |  56.9 |      18 |      12 |  40.0
       D:11 |    4143 |      65 |   1.5 |      39 |       2 |   4.9
       D:12 |    8137 |     382 |   4.5 |      34 |       9 |  20.9
     Lair:1 |     967 |       0 |   0.0 |       1 |       0 |   0.0
      Orc:1 |    1759 |    4530 |  72.0 |      16 |      23 |  59.0
      Orc:2 |     452 |     617 |  57.7 |      10 |      15 |  60.0
      Sewer |       0 |     151 | 100.0 |       0 |      40 | 100.0
            +---------+---------+-------+---------+---------+-------
